 Dungeon Crawl Stone Soup version 0.20.0-4-g10b340a (webtiles) character file.

440 Monsterracer the Cleaver (level 7, -15/57 HPs)
             Began as a Hill Orc Fighter on May 27, 2017.
             Demolished by a shadow (23 damage)
             ... summoned by the capriciousness of Xom
             ... on level 4 of the Dungeon.
             The game lasted 00:08:13 (3265 turns).

Monsterracer the Cleaver (Hill Orc Fighter)         Turns: 3265, Time: 00:08:13

Health: -15/57     AC: 10    Str: 21    XL:     7   Next: 2%
Magic:  7/7        EV:  7    Int:  8    God:    Xom [..*...]
Gold:   208        SH:  9    Dex: 12    Spells: 4/6 levels left

rFire    . . .     SeeInvis .   a - +0 war axe
rCold    + . .     Gourm    .   c - +0 shield
rNeg     . . .     Faith    .   b - +0 scale mail
rPois    .         Spirit   .   n - +0 helmet
rElec    .         Reflect  .   (no cloak)
rCorr    .         Harm     .   h - +1 pair of gloves
MR       +....                  (no boots)
Stlth    +.........             (no amulet)
Regen    0.2/turn               o - ring of protection from cold
MPRegen  0.1/turn               q - ring of stealth

@: no status effects
A: thin skeletal structure 1, clumsy 1, magic resistance 1, strong 1
a: Renounce Religion


You were on level 4 of the Dungeon.
You worshipped Xom.
You were a toy of Xom.
You were not hungry.

You visited 1 branch of the dungeon, and saw 6 of its levels.

You collected 208 gold pieces.

Inventory:

Hand Weapons
 a - a +0 war axe (weapon)
Armour
 b - a +0 scale mail (worn)
 c - a +0 shield (worn)
 h - a +1 pair of gloves (worn)
 k - a +0 plate armour
 m - a +0 helmet (quivered)
 n - a +0 helmet (worn)
Jewellery
 o - a ring of protection from cold (left hand)
 q - a ring of stealth (right hand)
Wands
 p - a wand of confusion (27/48)
Scrolls
 d - 2 scrolls of teleportation
 e - a scroll of identify
 g - 2 scrolls of remove curse
 j - a scroll of fear
Potions
 i - a potion of heal wounds
 r - a potion of cancellation
 s - a potion of mutation
Comestibles
 f - 2 bread rations
 l - a royal jelly
 t - 2 chunks of flesh
 u - a meat ration


   Skills:
 - Level 3.6 Fighting
 + Level 9.5 Axes
 - Level 3.2 Armour
 - Level 3.2 Shields


You had 4 spell levels left.
You knew the following spells:

 Your Spells              Type           Power        Failure   Level  Hunger
a - Blink                 Tloc           N/A          100%        2    ###....


Dungeon Overview and Level Annotations

Branches:
Dungeon (6/15)
 Temple: D:4-7

Altars:
Elyvilon
Fedhas
Hepliaklqana
Makhleb
Sif Muna
Xom


Innate Abilities, Weirdness & Mutations

You have a somewhat thin skeletal structure. (Dex +2, Stealth)
You are clumsy. (Dex -2)
You are resistant to hostile enchantments. (MR+)
Your muscles are strong. (Str +2)


Message History

You slash the shadow!
The shadow is severely damaged.
You block the shadow's attack.
Your shield and scale mail prevent you from hitting the shadow.
The shadow is severely damaged.
The shadow hits you!
* * * LOW HITPOINT WARNING * * *
You block the shadow's attack.
You barely miss the shadow.
The shadow is severely damaged.
The shadow hits you.
You barely miss the shadow.
The shadow is severely damaged.
The shadow slips into darkness.
The shadow flickers and vanishes!
Deactivating autopickup; reactivate with Ctrl-A.
You barely miss something.
The shadow strikes at you from the darkness!
You die...
Xom bursts into laughter!

.......#
#...............#####..
.......#
#..............## #..
......<#
##............## ###..
......## #####......###
###.... ......#
##..##### ##......
......# ##..##
###....... ......#
##..## #.........
...#..# ##..####
#.........
..##..######..#.@{#
#.........
.###..##.##..##....#
#.........
###.........####...#
#.........
##.......#...# #####
##........
#..##....##..#
#......).
..##.....##..#
#........
.##......##..#
##.......
###.....####.. #.......
##......# #..# ##......


There were no monsters in sight!

Vanquished Creatures
  An ogre (D:4)
  A scorpion (D:6)
  A crimson imp (D:3)
  An orc priest (D:4)
  An orc wizard (D:4)
  2 worker ants
  An adder (D:5)
  4 gnolls
  A shadow imp (D:3)
  2 worms
  2 dart slugs
  3 leopard geckos
  11 orcs
  4 bats (D:2)
  2 giant cockroaches
  5 hobgoblins
  8 jackals
  5 kobolds (D:2)
  2 quokkas
  6 frilled lizards
  5 goblins
  2 leopard gecko skeletons (D:4)
  A quokka skeleton (D:3)
  A rat (D:3)
72 creatures vanquished.

Vanquished Creatures (others)
  An orc wizard (D:4)
1 creature vanquished.

Grand Total: 73 creatures vanquished

Notes
Turn   | Place    | Note
-------+----------+-------------------------------------------
     0 | D:1      | Monsterracer the Hill Orc Fighter began the quest for the Orb.
     0 | D:1      | Reached XP level 1. HP: 19/19 MP: 1/1
    86 | D:1      | Reached skill level 3 in Axes
   206 | D:1      | Reached XP level 2. HP: 18/26 MP: 2/2
   331 | D:1      | Reached skill level 4 in Axes
   549 | D:1      | Reached XP level 3. HP: 30/31 MP: 3/3
   770 | D:2      | Found a blossoming altar of Fedhas.
   772 | D:2      | Found a hazy altar of Hepliaklqana.
   981 | D:2      | Gained mutation: Your muscles are strong. (Str +2) [potion of mutation]
   981 | D:2      | Gained mutation: You are clumsy. (Dex -2) [potion of mutation]
   981 | D:2      | Gained mutation: You are resistant to hostile enchantments. (MR+) [potion of mutation]
   981 | D:2      | Gained mutation: You have a somewhat thin skeletal structure. (Dex +2, Stealth) [potion of mutation]
  1004 | D:2      | Reached skill level 5 in Axes
  1335 | D:3      | Found a faded altar of an unknown god.
  1344 | D:3      | You fall through a shaft for 3 floors!
  1397 | D:6      | Noticed a scorpion
  1418 | D:6      | Killed a scorpion
  1418 | D:6      | Reached skill level 6 in Axes
  1418 | D:6      | Reached XP level 4. HP: 17/39 MP: 4/4
  1426 | D:6      | Found a burning altar of Makhleb.
  1564 | D:5      | Entered Level 5 of the Dungeon
  1614 | D:5      | Reached XP level 5. HP: 45/45 MP: 5/5
  1722 | D:4      | Reached skill level 7 in Axes
  1860 | D:3      | Learned a level 2 spell: Blink
  1862 | D:3      | Learned a level 1 spell: Magic Dart
  2016 | D:3      | Became a worshipper of Xom of Many Doors
  2166 | D:3      | Found a deep blue altar of Sif Muna.
  2242 | D:3      | XOM: harmless Erth miscast
  2326 | D:3      | XOM: silly message
  2331 | D:3      | Reached skill level 8 in Axes
  2331 | D:3      | Reached XP level 6. HP: 50/51 MP: 6/6
  2500 | D:4      | Found a white marble altar of Elyvilon.
  2892 | D:4      | XOM: mild Fire miscast
  2895 | D:4      | XOM: divination: magic mapping
  2900 | D:4      | XOM: confuse monster(s)
  2909 | D:4      | Reached skill level 9 in Axes
  2985 | D:4      | XOM: harmless Chrm miscast
  3048 | D:4      | Reached XP level 7. HP: 43/57 MP: 7/7
  3252 | D:4      | XOM is BORED!
  3252 | D:4      | XOM: medium Necr miscast
  3253 | D:4      | Noticed a shadow
  3253 | D:4      | Noticed a shadow
  3265 | D:4      | Demolished by a shadow

Skill      XL: |  1  2  3  4  5  6 |
---------------+-------------------+-----
Axes           | 3 4 6 8 9 |  9.5
Fighting       | |  3.6
Armour         | |  3.2
Shields        | |  3.2

Action                   |  1- 3 |  4- 6 |  7- 9 || total
-------------------------+-------+-------+-------++-------
Melee: War axe           |   100 |   140 |    16 ||   256
  Use: Potion            |     5 |     5 |       ||    10
       Scroll            |       |     6 |       ||     6
 Stab: Sleeping          |       |     1 |       ||     1
  Eat: Chunk             |     2 |     5 |     1 ||     8
Armor: Scale mail        |    49 |    30 |     1 ||    80
       Leather armour    |       |    18 |       ||    18
Dodge: Dodged            |    31 |    48 |     2 ||    81
Block: Shield            |    51 |    52 |     5 ||   108
